 Dungeon Crawl Stone Soup version 0.28.0-45-g0d030f2227 (webtiles) character file.

Game seed: 7520239084588175172

2 Bruhh the Caller (level 1, 0/16 HPs)
             Began as an Ogre Summoner on Apr 20, 2022.
             Slain by a jackal (1 damage)
             ... on level 1 of the Dungeon.
             The game lasted 00:02:45 (149 turns).

Bruhh the Caller (Ogre Summoner)                     Turns: 149, Time: 00:02:45

Health: 0/16       AC:  3    Str: 11    XL:     1   Next: 30%
Magic:  1/4        EV:  9    Int: 16    God:
Gold:   16         SH:  0    Dex:  9    Spells: 4/5 levels left

rFire   . . .      SeeInvis .   (no weapon)
rCold   . . .      Faith    .   (no shield)
rNeg    . . .      Spirit   .   a - +0 robe
rPois   .          Reflect  .   (helmet restricted)
rElec   .          Harm     .   (no cloak)
rCorr   .          Rampage  .   (gloves unavailable)
Will    .....                   (boots unavailable)
Stlth   +.........              (no amulet)
HPRegen 0.05/turn               (no ring)
MPRegen 0.09/turn               (no ring)

@: no status effects
A: large, unfitting armour, tough skin 1
a: no special abilities


You were on level 1 of the Dungeon.
You visited 1 branch of the dungeon, and saw 1 of its levels.

You collected 16 gold pieces.

Inventory:

Armour
 a - a +0 robe (worn)


   Skills:
 - Level 1.7 Dodging
 - Level 1.4 Stealth
 + Level 2.6 Spellcasting
 - Level 3.6 Summonings


You had 4 spell levels left.
You knew the following spells:

 Your Spells              Type           Power      Damage    Failure   Level
a - Summon Small Mammal   Summ           52%        N/A       4%          1

Your spell library contained the following spells:

 Spells                   Type           Power      Damage    Failure   Level
 Call Imp                 Summ           13%        N/A       7%          2
 Call Canine Familiar     Summ           13%        N/A       13%         3
 Summon Guardian Golem    Hex/Summ       7%         N/A       28%         3
 Summon Lightning Spire   Summ/Air       7%         N/A       67%         4


Dungeon Overview and Level Annotations

Branches:
Dungeon (1/15)

Altars:


Innate Abilities, Weirdness & Mutations

You are too large for most types of armour.
You have tough skin. (AC +1)


Message History

Your bat hits the jackal.
Your bat hits the jackal but does no damage.
Casting: Summon Small Mammal (safe; 4% risk of failure)
Confirm with . or Enter, or press ? or * to list all spells.
Your bat hits the jackal but does no damage.
The jackal bites you.
Your bat hits the jackal but does no damage.
You closely miss the jackal.
The jackal is moderately wounded.
Your bat closely misses the jackal.
The jackal barely misses you. The jackal bites you.
* * * LOW HITPOINT WARNING * * *
You closely miss the jackal.
The jackal is moderately wounded.
Your bat closely misses the hobgoblin.
Your bat misses the jackal.
Your bat hits the hobgoblin but does no damage.
The jackal bites you but does no damage.
Your bat closely misses the jackal.
The jackal bites you but does no damage.
Your bat closely misses the hobgoblin.
The jackal barely misses you.
Your bat hits the jackal but does no damage.
The endoplasm barely misses your bat.
You catch the helpless jackal completely off-guard!
You hit the jackal.
The jackal is heavily wounded.
Your bat closely misses the hobgoblin.
Your bat closely misses the jackal.
Your bat hits the hobgoblin but does no damage.
The jackal bites you but does no damage.
Your bat hits the jackal.
Your bat closely misses the hobgoblin.
The jackal bites you.
* * * LOW HITPOINT WARNING * * *
The jackal bites you.
* * * LOW HITPOINT WARNING * * *
Your bat hits the jackal.
The endoplasm hits your bat but does no damage.
You hit the jackal but do no damage.
The jackal is almost dead.
Your bat barely misses the hobgoblin.
Your bat misses the jackal. Your bat hits the hobgoblin. The jackal bites you.
You die...

#...........####
#...........#
#...........#
#...........######
#................#.
#.bJ.g.............
##g######......♣♣♣.
#h#########..♣♣
#@h.b†......♣♣
#######..h.♣♣
##...♣♣ #####
########'...♣
....####......'#...♣
....##........#...♣
# ...##...##...##..♣
#.
#..##..####..###.♣
#.. ##..##..## #..#
#..


You could see an endoplasm, 2 jackals, a hobgoblin and 2 friendly bats.

Vanquished Creatures (collateral kills)
  A jackal (D:1)
  A rat (D:1)
2 creatures vanquished.

Notes
Turn   | Place    | Note
-------+----------+-------------------------------------------
     0 | D:1      | Bruhh the Ogre Summoner began the quest for the Orb.
     0 | D:1      | Reached XP level 1. HP: 16/16 MP: 3/3
   149 | D:1      | Slain by a jackal

Illustrated notes

Levels and vault maps discovered:
D:1:      minmay_arrival_four_loops, layout_basic,
          dilly_ecumenical_altar_fadedgnrine

Action                   || total
-------------------------++-------
Melee: Unarmed           ||    10
 Cast: Summon Small Mamm ||     9
 Stab: Distracted        ||     1
Armor: Robe              ||    14
Dodge: Dodged            ||    15
